 Dungeon Crawl Stone Soup version 0.27-a0-1116-g91b3acb402 (webtiles) character file.

Game seed: 10165004754740118948

564 ytrimaz the Covert (level 7, 0/45 HPs)
             Began as an Octopode Brigand on May 2, 2021.
             Was an Initiate of Dithmenos.
             Slain by a water moccasin (5 damage)
             ... on level 5 of the Dungeon.
             The game lasted 00:07:24 (3576 turns).

ytrimaz the Covert (Octopode Brigand)               Turns: 3576, Time: 00:07:25

Health: 0/45       AC:  1    Str: 10    XL:     7   Next: 32%
Magic:  7/7        EV: 12    Int: 14    God:    Dithmenos [......]
Gold:   1153       SH:  0    Dex: 15    Spells: 6/6 levels left

rFire    . . .     SeeInvis .   a - +2 dagger
rCold    . . .     Faith    .   (no shield)
rNeg     . . .     Spirit   .   (helmet restricted)
rPois    .         Reflect  .   f - amulet of regeneration
rElec    .         Harm     .   (no ring)
rCorr    .         Rampage  .   (no ring)
Will     .....                  (no ring)
Stlth    ++++++....             (no ring)
HPRegen  1.15/turn              (no ring)
MPRegen  0.10/turn              (no ring)
                                (no ring)
                                (no ring)

@: lethally poisoned (0 -> -3), attractive
A: almost no armour, amphibious, 8 rings, camouflage 1, gelatinous body 1,
(nimble swimmer 1), tentacles
a: Renounce Religion


You were on level 5 of the Dungeon.
You worshipped Dithmenos.
Dithmenos was noncommittal.
You visited 2 branches of the dungeon, and saw 6 of its levels.

You collected 1153 gold pieces.

Inventory:

Hand Weapons
 a - a +2 dagger (weapon)
Missiles
 b - 44 poisoned darts (quivered)
 c - 2 curare-tipped darts
 h - a throwing net
 l - 11 atropa-tipped darts
Armour
 n - a +0 kite shield
Jewellery
 f - an amulet of regeneration (around mantle)
Wands
 p - a wand of mindburst (7)
Scrolls
 d - 3 scrolls of fog
 e - a scroll of teleportation
 m - 3 scrolls of enchant armour
 o - a scroll of silence
Potions
 g - a potion of mutation


   Skills:
 - Level 2.0 Fighting
 + Level 3.6 Short Blades
 * Level 2.5 Throwing
 - Level 1.0 Dodging
 * Level 10.8 Stealth


You had 6 spell levels left.
You didn't know any spells.
Your spell library contained the following spells:

 Spells                   Type           Power      Damage    Failure   Level
 Beastly Appendage        Tmut           0%         N/A       28%         1
 Wereblood                Tmut           0%         N/A       41%         2
 Spider Form              Tmut/Pois      0%         N/A       65%         3
 Ice Form                 Ice/Tmut       0%         N/A       96%         4
 Hydra Form               Tmut           0%         N/A       100%        5


Dungeon Overview and Level Annotations

Branches:
Dungeon (5/15)             Temple (1/1) D:5

Altars:
Ashenzari
Cheibriados
Dithmenos
Elyvilon
Fedhas
Gozag
Kikubaaqudgha
Makhleb
Okawaru
Ru
Trog
Uskayaw
Vehumet
Wu Jian
Xom
Yredelemnul
Zin
The Shining One


Innate Abilities, Weirdness & Mutations

You cannot wear most types of armour.
You are amphibious.
You can wear up to eight rings at the same time.
Your skin changes colour to match your surroundings (Stealth+).
Your rubbery body absorbs attacks. (AC +1, EV +1)
((You are camouflaged near water. (Stealth+)))
You have tentacles for arms and can constrict up to eight enemies at once.


Message History

Grinder is almost dead.
You constrict Grinder. You hit Grinder.
Grinder is almost dead.
You constrict Grinder.
You kill Grinder!
Dithmenos accepts your kill.
You have reached level 7!
b - 45 poisoned darts (gained 1)
You start resting.
The water moccasin is pulled toward you!
The water moccasin is pulled toward you!
You hit the water moccasin. Your grab misses the water moccasin.
The water moccasin is lightly wounded.
The water moccasin bites you.
You hit the water moccasin. Your grab misses the water moccasin.
The water moccasin is lightly wounded.
The water moccasin bites you.
You are poisoned.
The water moccasin poisons you!
You feel very sick. The water moccasin bites you.
You feel sick.
You feel sick.
Throw: 45 darts (poison)
Press: ? - help, Q - select action, (/) - cycle Shift-Dir - straight line, f - water moccasin
Aim: a water moccasin (lightly wounded, 42% to hit)
You throw a poisoned dart.
The poisoned dart completely misses the water moccasin.
You feel sick. The water moccasin barely misses you.
The water moccasin bites you.
* * * LOW HITPOINT WARNING * * *
You are more poisoned.
The water moccasin poisons you!
* * * LOW HITPOINT WARNING * * *
You feel very sick.
* * * LOW HITPOINT WARNING * * *
You feel very sick. The water moccasin bites you.
You die...

,,,..# *************,* *,*
***#.# #..,,,,,,,,,,,* ***,*
#.# #.#************ *,,,* #
#.# #.# *,*** # #.# #.# *,*
####.#######.# *,*
.......)..##.# *,*
..........##(###########****,*
.###...(.......S@.......,,,,,*
.#
######.##############***,,****
.# #.....# *,,,,,, .# #.....#
***,**** .# #.....# *,,,* .#
#.....#*********** *,*** ##
#.....#,,,,,,,,,,* *,*
###.#.#,********,* *,* #.#.#,*
*,* *,*


You could see a water moccasin.

Vanquished Creatures
  Grinder (D:5)
  An ogre (D:5)
  A howler monkey (D:4)
  3 hounds
  Jessica (D:3)
  An iguana (D:5)
  A hound skeleton (D:4)
  A howler monkey skeleton (D:4)
  An adder (D:3)
  2 worms (D:2)
  2 dart slugs
  9 orcs
  8 ball pythons
  6 bats
  5 endoplasms
  6 giant cockroaches
  8 goblins
  4 hobgoblins
  3 jackals (D:2)
  A quokka (D:3)
  5 frilled lizards
  4 kobolds
  4 rats
78 creatures vanquished.

Notes
Turn   | Place    | Note
-------+----------+-------------------------------------------
     0 | D:1      | ytrimaz the Octopode Brigand began the quest for the Orb.
     0 | D:1      | Reached XP level 1. HP: 14/14 MP: 1/1
   331 | D:1      | Reached XP level 2. HP: 15/19 MP: 2/2
   415 | D:1      | Reached skill level 6 in Stealth
  1211 | D:2      | Reached XP level 3. HP: 24/24 MP: 3/3
  1253 | D:2      | Found a faded altar of an unknown god.
  1397 | D:2      | Reached skill level 7 in Stealth
  1816 | D:2      | Identified a scroll of acquirement
  1816 | D:2      | Acquired 897 gold pieces
  1839 | D:3      | Noticed Jessica
  1841 | D:3      | Killed Jessica
  1842 | D:3      | Reached XP level 4. HP: 29/29 MP: 4/4
  1994 | D:3      | Reached skill level 8 in Stealth
  2287 | D:3      | Reached XP level 5. HP: 34/34 MP: 5/5
  2345 | D:4      | You fall into a shaft and drop 1 floor!
  2345 | D:5      | Entered Level 5 of the Dungeon
  2392 | D:5      | Noticed Grinder
  2475 | D:4      | Reached skill level 9 in Stealth
  3151 | D:5      | Found a staircase to the Ecumenical Temple.
  3156 | Temple   | Entered the Ecumenical Temple
  3270 | Temple   | Became a worshipper of Dithmenos the Shadowed
  3309 | D:5      | Noticed an ogre
  3310 | D:5      | Noticed a water moccasin
  3330 | D:5      | Reached XP level 6. HP: 33/39 MP: 6/6
  3501 | D:5      | Reached skill level 10 in Stealth
  3546 | D:5      | Paralysed by Grinder for 5 turns
  3563 | D:5      | Killed Grinder
  3564 | D:5      | Reached XP level 7. HP: 12/45 MP: 7/7
  3576 | D:5      | Slain by a water moccasin

Illustrated notes

Levels and vault maps discovered:
D:1:      lemuel_arrival_broad_hall, layout_basic
D:2:      kennysheep_six_static_rooms, layout_rooms,
          hellmonk_ecumenical_altar_arch_garden
D:3:      layout_rooms, uniq_jessica
D:4:      layout_basic, minmay_crystal_water, hangedman_abyss_or_decor_stabs
D:5:      layout_loops_ring, minmay_temple_entry_glassed_door, uniq_grinder,
          uniq_edmund
Temple:   regret_index_temple_mists

Skill      XL: |  1  2  3  4  5  6 |
---------------+-------------------+-----
Stealth        | 6 7 8 9 10 | 10.8
Short Blades   | 3 |  3.6
Fighting       | |  2.0
Throwing       | |  2.5
Dodging        | |  1.0

Action                   |  1- 3 |  4- 6 |  7- 9 || total
-------------------------+-------+-------+-------++-------
Melee: Dagger            |    72 |    83 |     2 ||   157
       Constrict         |    11 |    17 |       ||    28
       Tentacles         |     4 |    18 |       ||    22
Throw: Dart              |       |     8 |     1 ||     9
  Use: Scroll            |     7 |     4 |       ||    11
       Potion            |       |     3 |       ||     3
 Stab: Sleeping          |    19 |    14 |       ||    33
Armor: Skin              |     7 |     4 |       ||    11
Dodge: Dodged            |    41 |    35 |     1 ||    77

Table legend: (Time is in decaauts)
 A = Elapsed time spent in this place.
 B = Non-inter-level travel time spent in this place.
 C = Inter-level travel time spent in this place.
 D = Time resting spent in this place.
 E = Time spent auto-exploring this place.
 F = Levels seen in this place.
 G = Mean time per level.
                   A        B        C        D        E       F      G
               +--------+--------+--------+--------+--------+-----+--------+
         Total |   3557 |   3436 |    121 |    160 |   2403 |   6 |  592.8 |
       Dungeon |   3421 |   3320 |    101 |    160 |   2311 |   5 |  684.2 |
        Temple |    135 |    115 |     20 |      0 |     92 |   1 |  135.0 |
               +--------+--------+--------+--------+--------+-----+--------+

Top non-repeatable levels by time:
     D:1: 1172 daAuts
     D:4: 696 daAuts
     D:2: 660 daAuts
     D:3: 494 daAuts
     D:5: 398 daAuts
  Temple: 135 daAuts
